 Dungeon Crawl Stone Soup version 0.28-a0-1429-gf3d713df7a (webtiles) character file.

Game seed: 6822415326256614951

1154 Deminshera the Fighter (level 8, -11/71 (72) HPs)
             Began as a Merfolk Monk on Jan 8, 2022.
             Mangled by a kobold brigand (15 damage)
             ... in a sewer.
             The game lasted 00:08:39 (8977 turns).

Deminshera the Fighter (Merfolk Monk)               Turns: 8977, Time: 00:08:40

HP:   -11/71 (72)   AC:  6    Str: 13    XL:     8   Next: 38%
MP:   8/8           EV: 13    Int: 10    God:
Gold: 174           SH:  0    Dex: 16    Spells: 7/7 levels left

rFire   . . .      SeeInvis .   p - +0 spear (vorpal)
rCold   . . .      Faith    .   (no shield)
rNeg    . . .      Spirit   .   g - +0 leather armour
rPois   +          Reflect  .   b - +1 helmet
rElec   .          Harm     .   (no cloak)
rCorr   .          Rampage  .   h - +0 pair of gloves
Will    .....                   (no boots)
Stlth   ++........              (no amulet)
HPRegen 0.21/turn               m - ring of poison resistance
MPRegen 0.11/turn               (no ring)

@: lightly drained
A: (nimble swimmer 2), mertail
a: no special abilities


You were in a sewer.
You visited 1 branch of the dungeon, and saw 6 of its levels.
You also visited: Sewer.

You collected 174 gold pieces.

Inventory:

Hand Weapons
 k - a +1 dagger of venom
 p - a +0 vorpal spear (weapon)
Armour
 b - a +1 helmet (worn)
 g - a +0 leather armour (worn)
 h - a +0 pair of gloves (worn)
Jewellery
 m - a ring of poison resistance (left hand)
 s - a ring of magical power
 t - a ring of magical power
Scrolls
 c - 9 scrolls of identify {unknown}
 f - a scroll of enchant armour
 o - a scroll of blinking {unknown}
 q - a scroll of magic mapping {unknown}
 r - a scroll of brand weapon {unknown}
Potions
 a - a potion of brilliance {unknown}
 e - a potion of cancellation
 i - a potion of degeneration {unknown}
 j - a potion of heal wounds
 l - a potion of might {unknown}
 n - a potion of haste


   Skills:
 + Level 9.7 Fighting
 - Level 8.0 Polearms
 + Level 4.0 Dodging
 - Level 3.0 Stealth


You had 7 spell levels left.
You didn't know any spells.
Your spell library was empty.

Dungeon Overview and Level Annotations

Branches:
Dungeon (6/15)              Sewer (1/1)
 Temple: D:4-7

Altars:
Elyvilon
Fedhas
Okawaru
Trog
Vehumet

Shops:
D:4 =


Innate Abilities, Weirdness & Mutations

((You are very nimble when in or above water. (Stealth+, EV+, Speed+++)))
Your lower body shifts to a powerful aquatic tail in water.


Message History

You are no longer poisoned.
The kobold closely misses you. The kobold brigand barely misses you.
You miss the kobold.
Your tail-slap misses the kobold.
The kobold hits you with a +0 dagger. The kobold brigand barely misses you.
You hit the kobold.
You kill the kobold!
The kobold brigand closely misses you.
There is a large open door here.
Things that are here:
a +0 dagger; a kobold corpse The kobold brigand closely misses you.
You barely miss the kobold brigand.
The kobold brigand is moderately wounded.
The kobold brigand hits you but does no damage.
You hit the kobold brigand but do no damage.
The kobold brigand is moderately wounded.
The kobold brigand hits you with a +1 whip of electrocution.
* * * LOW HITPOINT WARNING * * *
You are electrocuted!
* * * LOW HITPOINT WARNING * * *
You hit the kobold brigand but do no damage.
The kobold brigand is moderately wounded.
You closely miss the kobold brigand.
The kobold brigand is moderately wounded.
The kobold brigand hits you but does no damage.
You hit the kobold brigand.
The kobold brigand is heavily wounded.
The kobold brigand misses you.
Okay, then.
You hit the kobold brigand.
The kobold brigand is heavily wounded.
The kobold brigand closely misses you.
You hit the kobold brigand but do no damage.
The kobold brigand is heavily wounded.
You barely miss the kobold brigand.
The kobold brigand is heavily wounded.
The kobold brigand hits you with a +1 whip of electrocution.
* * * LOW HITPOINT WARNING * * *
You are electrocuted!
You die...

### ..##### ..#...#
..#...##########
.......##......######
...............#....#
≈≈P≈.......≈.P≈K...?#
≈≈≈≈P≈≈≈...≈≈≈≈)@.∩!#
≈≈≈≈≈P≈≈...P≈P≈#....#
≈≈≈≈##########≈######
≈≈≈≈≈≈ ≈≈≈≈≈≈≈≈≈≈#
≈≈≈≈≈≈ ≈≈≈≈≈≈≈≈≈≈#
≈≈≈≈ ≈≈≈≈≈≈≈≈≈≈#
###########


You could see a kobold brigand.

Vanquished Creatures
  An acid dragon (D:5)
  2 black bears
  A sky beast (D:5)
  3 necrophages
  A centaur zombie (D:5)
  A bullfrog zombie (D:5)
  3 orc priests
  4 hounds
  A centaur skeleton (D:5)
  An orc wizard (D:4)
  A hound zombie (D:5)
  A hound skeleton (D:4)
  Robin (D:3)
  6 adders
  A worm (D:2)
  2 dart slugs
  15 orcs
  8 ball pythons
  9 bats
  6 endoplasms
  5 giant cockroaches
  4 hobgoblins
  3 frilled lizards
  15 goblins
  7 kobolds
  5 rats
107 creatures vanquished.

Vanquished Creatures (others)
  A goblin (D:3)
  A fungus (D:6)
2 creatures vanquished.

Grand Total: 109 creatures vanquished

Notes
Turn   | Place    | Note
-------+----------+-------------------------------------------
     0 | D:1      | Deminshera the Merfolk Monk began the quest for the Orb.
     0 | D:1      | Reached XP level 1. HP: 18/18 MP: 1/1
   129 | D:1      | You fall into a shaft and drop 1 floor!
   282 | D:1      | Reached XP level 2. HP: 23/24 MP: 2/2
   672 | D:2      | Reached skill level 5 in Polearms
   678 | D:2      | Reached XP level 3. HP: 25/30 MP: 3/3
  1374 | D:2      | Reached skill level 4 in Fighting
  1889 | D:3      | HP: 2/45 [adder (1)]
  1893 | D:3      | Reached XP level 4. HP: 3/37 MP: 4/4
  2290 | D:3      | Noticed Robin
  2336 | D:3      | Killed Robin
  3138 | D:3      | Found an iron altar of Okawaru.
  3548 | D:3      | Found a radiant altar of Vehumet.
  4137 | D:4      | Reached XP level 5. HP: 34/43 MP: 5/5
  4602 | D:4      | Noticed a necrophage
  4956 | D:3      | Killed a necrophage
  4957 | D:3      | Reached skill level 5 in Fighting
  4957 | D:3      | Reached XP level 6. HP: 35/51 MP: 6/6
  5682 | D:4      | Found Wuemp's One-of-a-Kind Rings.
  5899 | D:5      | Entered Level 5 of the Dungeon
  6045 | D:5      | Noticed a black bear
  6046 | D:5      | Noticed a necrophage
  6075 | D:4      | Killed a necrophage
  6076 | D:4      | Reached skill level 6 in Fighting
  6376 | D:5      | Killed a black bear
  6377 | D:5      | Reached XP level 7. HP: 56/59 MP: 7/7
  6483 | D:5      | Reached skill level 7 in Fighting
  7015 | D:4      | Reached skill level 8 in Fighting
  7115 | D:5      | Found a blossoming altar of Fedhas.
  7176 | D:5      | Reached XP level 8. HP: 11/69 MP: 8/8
  7535 | D:4      | Reached skill level 9 in Fighting
  8362 | D:6      | Found a bloodstained altar of Trog.
  8384 | D:6      | Found a white marble altar of Elyvilon.
  8410 | D:6      | Found a glowing drain.
  8415 | Sewer    | Entered a sewer
  8977 | Sewer    | Mangled by a kobold brigand

Illustrated notes

Levels and vault maps discovered:
D:1:      scummos_arrival_hexagon, layout_basic, minivault_4
D:2:      layout_basic, due_unseen_surprise
D:3:      layout_basic, nicolae_vehumet_radiance, okawaru_trees_1, uniq_robin
D:4:      layout_loops_ring, chequers_serial_rivers_small_b,
          nicolae_shop_unique_rings
D:5:      layout_gridville, fedhas_altar_2
D:6:      layout_rooms, riverfiend_overflow_shadow_ancestor,
          amcnicky_altar_gilded, elyvilon_altar_1,
          cheibrodos_sewer_entry_sluice, uniq_prince_ribbit1
Sewer:    kennysheep_pipe_town

Skill      XL: |  1  2  3  4  5  6  7  8 |
---------------+-------------------------+-----
Polearms       | 5 6 7 8 |  8.0
Stealth        | 3 |  3.0
Fighting       | 4 5 6 8 9 |  9.7
Dodging        | |  4.0

Action                   |  1- 3 |  4- 6 |  7- 9 || total
-------------------------+-------+-------+-------++-------
Melee: Spear             |   134 |   236 |   210 ||   580
       Punch             |       |     4 |     1 ||     5
Evoke: Wand              |       |     4 |     3 ||     7
  Use: Potion            |     1 |       |     2 ||     3
       Scroll            |       |       |     4 ||     4
 Stab: Sleeping          |     5 |    14 |     3 ||    22
       Distracted        |     1 |       |       ||     1
Armor: Robe              |     4 |       |       ||     4
       Leather armour    |    18 |    46 |    54 ||   118
       Skin              |     5 |       |       ||     5
Dodge: Dodged            |    52 |   107 |   136 ||   295

Table legend: (Time is in decaauts)
 A = Elapsed time spent in this place.
 B = Non-inter-level travel time spent in this place.
 C = Inter-level travel time spent in this place.
 D = Time resting spent in this place.
 E = Time spent auto-exploring this place.
 F = Levels seen in this place.
 G = Mean time per level.
                   A        B        C        D        E       F      G
               +--------+--------+--------+--------+--------+-----+--------+
         Total |   8814 |   8601 |    213 |   4607 |   2775 |   7 | 1259.1 |
       Dungeon |   8269 |   8056 |    213 |   4133 |   2739 |   6 | 1378.2 |
         Sewer |    545 |    545 |      0 |    474 |     35 |   1 |  545.0 |
               +--------+--------+--------+--------+--------+-----+--------+

Top non-repeatable levels by time:
     D:4: 3013 daAuts
     D:3: 2487 daAuts
     D:2: 1168 daAuts
     D:5: 903 daAuts
     D:1: 626 daAuts
   Sewer: 545 daAuts
     D:6: 70 daAuts
